Map: Blackpink LE

Players

Karchakov - Winner!

  • Race: Terran Terran
  • League: Diamond
  • Spawn Location: 7:00

SAVAGEROAR

  • Race: Zerg Zerg
  • League: Diamond
  • Spawn Location: 1:00

VOD

Have the link to the VOD?

Description

im SAVAGE

Time

  • Played on: April 30, 2018, 4:30 a.m.
  • Length: 23:11
Show
View Real Time Build Order
Export as new Build Order

Karchakov Terran - Winner!

Build Orders: Cyclone Opening 

Get SALT Encoding   

  12  0:00  SCV  
  13  0:13  SCV  
  14  0:20  Supply Depot  
  14  0:25  SCV  
  15  0:31  Refinery  
  15  0:42  Barracks  
  15  0:44  SCV  
  16  0:56  SCV  
  17  1:04  Refinery  
  17  1:09  SCV  
  18  1:29  Bunker  
  18  1:33  Orbital Command  
  18  1:39  Barracks Reactor  
  18  1:45  Factory  
  18  1:57  Supply Depot  
  18  2:00  SCV  
  18  2:12  SCV  
  19  2:25  SCV  
  20  2:34  Cyclone x2  
  26  2:38  Factory  
  26  2:48  Barracks Reactor  
  26  2:51  SCV  
  27  2:54  Supply Depot  
  27  3:03  SCV  
  28  3:08  Hellion  
  30  3:15  SCV  
  30  3:16  Hellion  
  33  3:30  Hellion  
  33  3:31  Hellion x2  
  39  3:36  Supply Depot  
  39  3:58  Hellion x4  
  47  4:19  Cyclone x2, Hellion  
  55  4:27  Armory  
  55  4:33  Supply Depot  
  55  4:55  Hellion  
  57  5:02  Command Center  
  57  5:07  SCV  
  56  5:19  SCV  
  57  5:27  Cyclone  
  60  5:33  Cyclone  
  63  5:56  Command Center  
  63  6:14  Orbital Command, SCV  
  64  6:26  SCV  
  65  6:35  Factory Tech Lab  
  65  6:37  Refinery  
  65  6:38  SCV  
  66  6:41  Factory Tech Lab  
  66  6:47  SCV  
  66  6:50  SCV  
  66  6:51  Supply Depot  
  68  6:59  SCV  
  69  7:02  SCV  
  70  7:11  SCV  
  70  7:14  Supply Depot, SCV  
  70  7:15  Engineering Bay  
  72  7:24  SCV  
  72  7:26  SCV  
  74  7:36  SCV  
  75  7:38  SCV  
  75  7:40  Widow Mine x2  
  75  7:43  Missile Turret x2  
  80  7:44  Missile Turret  
  80  7:48  Missile Turret  
  80  7:50  Missile Turret  
  80  7:51  Planetary Fortress  
  80  7:58  Missile Turret  
  80  8:01  Widow Mine x2  
  84  8:09  SCV  
  84  8:10  Missile Turret x2, SCV  
  86  8:17  Missile Turret  
  86  8:19  Missile Turret  
  86  8:21  SCV  
  86  8:22  SCV  
  88  8:32  SCV  
  88  8:33  SCV  
  90  8:36  SCV  
  90  8:39  Missile Turret  
  91  8:41  Thor  
  91  8:44  SCV  
  91  8:45  SCV  
  100  8:48  SCV  
  100  8:55  Sensor Tower  
  100  8:56  SCV  
  100  8:57  SCV, Thor  
  100  8:58  Infernal Pre-Igniter  
  108  9:08  Missile Turret, SCV  
  109  9:13  Supply Depot, Refinery  
  109  9:21  Armory  
  109  9:34  Thor  
  109  9:35  Supply Depot, SCV x2  
  117  9:39  Refinery x2  
  117  9:48  SCV  
  117  9:50  Factory x2  
  117  9:57  SCV x2  
  119  10:00  SCV  
  119  10:03  Supply Depot  
  119  10:06  Missile Turret  
  120  10:09  SCV x2  
  120  10:12  SCV  
  123  10:22  Terran Vehicle And Ship Armor Level 1, Terran Vehicle Weapons Level 1  
  123  10:25  Factory  
  123  10:35  Rapid Fire Launchers  
  123  10:38  Factory Tech Lab x2  
  123  10:49  Starport  
  123  10:51  Starport  
  123  10:59  Missile Turret, SCV  
  123  11:02  Hellion x2  
  123  11:03  Hellion  
  130  11:10  Supply Depot x2  
  130  11:11  SCV  
  131  11:16  Missile Turret  
  131  11:19  Command Center  
  131  11:21  Missile Turret  
  131  11:23  Hellion  
  133  11:32  Thor x2, Hellion x2  
  149  11:33  Supply Depot  
  149  11:34  Supply Depot  
  149  11:47  Smart Servos  
  149  11:48  Drilling Claws  
  149  11:50  Starport Tech Lab x2  
  149  11:51  Hellion x16  
  149  11:54  SCV, Cyclone  
  149  11:55  Starport, Hellion  
  149  11:59  Hellion  
  155  12:07  SCV  
  155  12:08  Cyclone, Hellion  
  161  12:15  Hellion x2  
  165  12:30  Terran Vehicle Weapons Level 2, Terran Vehicle And Ship Armor Level 2  
  165  12:31  Cyclone x2  
  165  12:33  Starport Tech Lab  
  171  12:47  Siege Tank x2  
  171  12:49  Hellion  
  179  12:53  Corvid Reactor  
  179  13:02  Missile Turret, Refinery  
  179  13:03  Refinery  
  179  13:12  Command Center  
  179  13:15  Planetary Fortress  
  179  13:18  Sensor Tower  
  179  13:29  Supply Depot  
  179  13:40  Missile Turret  
  179  13:51  Siege Tank x2, Hellion  
  179  13:53  Supply Depot  
  187  13:57  Hellion  
  187  13:59  Missile Turret  
  187  14:15  Siege Tank, Hellion  
  187  14:16  Supply Depot x2  
  192  14:18  Hellion  
  192  14:19  Missile Turret  
  192  14:23  Siege Tank, Raven  
  199  14:32  Supply Depot  
  199  14:36  Sensor Tower  
  199  14:39  Supply Depot, Missile Turret  
  199  14:56  Missile Turret  
  199  15:01  Supply Depot  
  199  15:16  Missile Turret, Terran Vehicle Weapons Level 3, Terran Vehicle And Ship Armor Level 3  
  199  15:25  Starport  
  199  15:30  Fusion Core  
  199  15:35  Planetary Fortress  
  199  15:38  SCV  
  200  15:56  Hi-Sec Auto Tracking  
  200  16:00  Missile Turret  
  200  16:03  Starport  
  200  16:04  Refinery  
  200  16:12  Raven  
  200  16:14  Siege Tank  
  186  16:19  Siege Tank x3  
  186  16:20  Hellion  
  186  16:21  Missile Turret, Hellion  
  186  16:22  Raven x2  
  193  16:27  Refinery  
  193  16:32  Weapon Refit  
  193  16:42  Missile Turret x2, Hellion x2  
  193  16:43  Missile Turret  
  193  16:45  SCV  
  200  16:47  Hellion  
  200  16:50  Starport Tech Lab  
  188  16:55  Raven  
  188  16:57  SCV  
  191  17:03  Missile Turret  
  181  17:22  Missile Turret  
  181  17:27  Missile Turret  
  181  17:29  Command Center  
  181  17:32  Command Center  
  181  17:36  Hellion x4  
  189  17:37  Starport Tech Lab  
  189  17:42  Missile Turret  
  189  17:46  Building Armor  
  189  17:53  Terran Ship Weapons Level 1, SCV  
  190  17:59  Supply Depot  
  190  18:05  SCV  
  191  18:11  SCV  
  191  18:23  Supply Depot, SCV  
  191  18:24  Command Center  
  192  18:46  Supply Depot  
  192  18:47  Command Center  
  174  19:08  Supply Depot  
  158  19:12  Battlecruiser x5  
  158  19:14  Hellion  
  158  19:15  Hellion x4, Cyclone  
  189  19:31  Supply Depot  
  189  19:36  Cyclone x2, Hellion x2  
  189  19:38  Siege Tank  
  200  19:42  Planetary Fortress  
  179  19:47  Orbital Command, Cyclone  
  179  19:57  Hellion, Cyclone  
  178  20:00  Orbital Command  
  160  20:07  Terran Ship Weapons Level 2  
  157  20:16  Battlecruiser x5  
  157  20:21  Command Center  
  187  20:33  SCV  
  188  20:43  Hellion x2  
  188  20:44  Hellion x2  
  188  20:45  SCV, Hellion  
  195  21:20  Command Center  
  195  21:30  Hellbat x2  
  199  21:34  Planetary Fortress  
  199  21:37  Command Center  
  199  21:40  SCV  
  200  21:54  High Capacity Fuel Tanks  
  200  21:59  Factory  
  200  22:02  Factory  
  184  22:22  Medivac x5  
  194  22:24  Hellbat x3  
  200  22:44  Engineering Bay, Factory  
  200  22:46  Ghost Academy  
  200  22:48  Factory  
  200  22:49  Command Center  
Show
View Real Time Build Order
Export as new Build Order

SAVAGEROAR Zerg 

Build Orders: Hatch First 

Get SALT Encoding   

  12  0:01  Drone  
  13  0:12  Overlord  
  13  0:17  Drone  
  14  0:31  Drone x2  
  14  0:34  Drone  
  17  0:53  Hatchery  
  17  0:56  Drone  
  17  0:59  Drone  
  18  1:10  Extractor  
  17  1:15  Spawning Pool  
  16  1:23  Drone x2  
  18  2:04  Zergling x4, Queen  
  22  2:10  Zergling x4  
  22  2:15  Queen  
  26  2:30  Spine Crawler  
  26  2:32  Drone  
  26  2:42  Queen  
  28  2:45  Overlord  
  28  2:57  Roach Warren  
  27  3:14  Drone x4  
  27  3:15  Drone x2  
  33  3:25  Overlord  
  33  3:37  Overlord  
  33  3:40  Drone  
  35  3:41  Drone x2  
  35  3:42  Overlord  
  36  3:54  Drone  
  36  3:55  Drone x5  
  41  4:07  Drone  
  41  4:08  Drone x2  
  44  4:12  Pneumatized Carapace  
  44  4:21  Zergling x10  
  49  4:30  Zergling x2  
  50  4:49  Overlord  
  50  4:53  Overlord  
  50  5:11  Queen  
  52  5:15  Roach x3  
  58  5:26  Roach  
  59  5:30  Metabolic Boost  
  59  5:35  Overlord x2  
  59  5:41  Overlord  
  59  5:48  Lair  
  59  5:53  Queen  
  59  5:56  Roach x4  
  69  6:00  Extractor  
  69  6:02  Extractor  
  67  6:05  Extractor  
  67  6:09  Hatchery  
  65  6:28  Queen  
  65  6:29  Drone  
  65  6:30  Drone x7  
  75  6:54  Spire  
  74  6:57  Overlord, Drone x2  
  74  6:58  Overlord  
  68  7:27  Hatchery  
  67  7:31  Overlord x2  
  67  7:35  Roach  
  67  7:36  Roach x7  
  83  7:39  Glial Reconstitution  
  83  8:10  Mutalisk x6  
  83  8:12  Evolution Chamber  
  94  8:14  Mutalisk  
  96  8:34  Drone  
  96  8:35  Drone x14  
  96  8:38  Mutalisk  
  113  8:43  Roach  
  115  8:53  Mutalisk x3  
  121  8:59  Overlord x3, Drone  
  122  9:10  Zerg Missile Weapons Level 1  
  122  9:11  Queen  
  122  9:12  Queen  
  126  9:34  Roach x9  
  126  9:37  Evolution Chamber  
  126  9:38  Hydralisk Den  
  134  10:02  Infestation Pit  
  133  10:11  Drone x13  
  146  10:24  Zerg Ground Armor Level 1  
  146  10:28  Hatchery  
  145  10:34  Grooved Spines  
  145  10:47  Hive  
  145  10:48  Extractor  
  144  10:54  Extractor  
  143  11:00  Spore Crawler  
  142  11:16  Hydralisk  
  142  11:17  Hydralisk x3  
  150  11:19  Overlord x2  
  150  11:20  Overlord x4  
  150  11:37  Queen  
  152  11:40  Drone  
  152  11:41  Drone x9  
  152  11:46  Muscular Augments  
  162  11:47  Hydralisk  
  162  11:48  Hydralisk x15  
  194  12:02  Zerg Missile Weapons Level 2  
  190  12:29  Hydralisk x5  
  200  12:59  Ultralisk Cavern  
  199  13:19  Zerg Ground Armor Level 2  
  199  13:22  Pathogen Glands  
  199  13:41  Greater Spire  
  195  14:22  Hatchery  
  194  14:33  Chitinous Plating  
  194  14:38  Spire  
  193  14:44  Viper x2  
  181  15:32  Ultralisk x3  
  199  15:46  Zerg Ground Armor Level 3, Zerg Missile Weapons Level 3  
  199  16:03  Zerg Flyer Weapons Level 1, Zerg Flyer Armor Level 1  
  159  16:24  Swarm Host  
  159  16:25  Swarm Host x13  
  183  16:59  Hydralisk x7  
  183  17:00  Hydralisk x9  
  171  17:22  Extractor  
  171  17:24  Extractor  
  169  17:30  Swarm Host x4  
  169  17:31  Swarm Host  
  184  17:43  Extractor  
  183  17:45  Extractor  
  182  18:24  Corruptor x3  
  182  18:25  Corruptor x2  
  192  18:50  Spore Crawler  
  192  18:51  Spore Crawler  
  192  18:52  Spore Crawler x2  
  192  18:54  Spore Crawler  
  149  19:25  Brood Lord x5  
  149  19:28  Hydralisk x13  
  149  19:29  Hydralisk x11  
  169  19:49  Swarm Host x4  
  169  19:50  Swarm Host x4  
  168  20:13  Zerg Flyer Weapons Level 2  
  168  20:14  Zerg Flyer Armor Level 2  
  168  20:15  Corruptor  
  170  20:37  Hatchery  
  169  20:48  Spore Crawler x2  
  167  20:54  Spore Crawler x3, Swarm Host  
  167  20:55  Spore Crawler, Swarm Host x6  
  184  21:35  Hydralisk x3  
  184  21:36  Hydralisk x5  
  200  21:41  Extractor  
  200  21:42  Extractor  
  198  22:22  Spore Crawler, Corruptor  
  197  22:24  Spore Crawler  
Tags
 
Add a new tag
Caveats
  • Supply blocks, unpowered buildings, or Contaminate may cause inaccurate times.
  • Supply counts are checked every 10 seconds.